 Dungeon Crawl Stone Soup version 0.28-a0-245-g639a1a48b9 (webtiles) character file.

Game seed: 9138802992307390117

46 dolemite99 the Shooter (level 3, -3/31 HPs)
             Began as a Minotaur Hunter on Aug 25, 2021.
             Slain by Terence (6 damage)
             ... on level 2 of the Dungeon.
             The game lasted 00:01:49 (1836 turns).

dolemite99 the Shooter (Minotaur Hunter)            Turns: 1836, Time: 00:01:50

Health: -3/31      AC:  3    Str: 17    XL:     3   Next: 46%
Magic:  2/2        EV: 12    Int:  8    God:
Gold:   15         SH:  0    Dex: 10    Spells: 2/2 levels left

rFire   . . .      SeeInvis .   b - +0 short sword
rCold   . . .      Faith    .   (no shield)
rNeg    . . .      Spirit   .   c - +0 leather armour
rPois   .          Reflect  .   (helmet restricted)
rElec   .          Harm     .   (no cloak)
rCorr   .          Rampage  .   (no gloves)
Will    .....                   (no boots)
Stlth   +.........              (no amulet)
HPRegen 0.10/turn               (no ring)
MPRegen 0.08/turn               (no ring)

@: no status effects
A: horns 2, retaliatory headbutt
a: no special abilities


You were on level 2 of the Dungeon.
You visited 1 branch of the dungeon, and saw 2 of its levels.

You collected 15 gold pieces.

Inventory:

Hand Weapons
 a - a +1 shortbow
 b - a +0 short sword (weapon)
Missiles
 e - 22 sling bullets
 g - 41 stones (quivered)
Armour
 c - a +0 leather armour (worn)
Scrolls
 f - a scroll of identify {unknown}
 i - a scroll of teleportation {unknown}


   Skills:
 - Level 3.3 Fighting
 + Level 4.9 Bows
 - Level 3.0 Dodging
 - Level 0.7 Stealth


You had 2 spell levels left.
You didn't know any spells.
Your spell library contained the following spells:

 Spells                   Type           Power      Damage    Failure   Level
 Gell's Gravitas          Tloc           0%         N/A       85%         3
 Teleport Other           Tloc           0%         N/A       85%         3
 Dispersal                Tloc           0%         N/A       100%        6


Dungeon Overview and Level Annotations

Branches:
Dungeon (2/15)

Altars:

Annotations:
D:2 Terence


Innate Abilities, Weirdness & Mutations

You have a pair of horns on your head.
You reflexively headbutt those who attack you in melee.


Message History

You shoot an arrow.
The arrow hits Terence but does no damage.
Terence is severely wounded.
Terence barely misses you.
Fire: 2 arrows
Press: ? - help, Q - select action, (/) - cycle Shift-Dir - straight line, f/p - Terence
Aim: Terence, wielding a +0 short sword and wearing a +3 chain mail of positive energy (severely wounded, 68% to hit)
You shoot an arrow. The arrow closely misses Terence.
Terence barely misses you. You furiously retaliate!
You headbutt Terence, but do no damage.
Fire: arrow
Press: ? - help, Q - select action, (/) - cycle Shift-Dir - straight line, f/p - Terence
Aim: Terence, wielding a +0 short sword and wearing a +3 chain mail of positive energy (severely wounded, 68% to hit)
You shoot an arrow. The arrow hits Terence.
Terence is almost dead.
Terence says, "Rest in peace."
Terence barely misses you.
Unknown command.
Unknown command.
b - a +0 short sword (weapon)
Terence misses you.
You barely miss Terence.
Terence is almost dead.
Terence closely misses you.
You hit Terence but do no damage.
Terence is almost dead.
Terence hits you with a +0 short sword!
* * * LOW HITPOINT WARNING * * *
You hit Terence but do no damage. You headbutt Terence, but do no damage.
Terence is almost dead.
Terence barely misses you.
You barely miss Terence. Your headbutt misses Terence.
Terence is almost dead.
Terence hits you with a +0 short sword.
* * * LOW HITPOINT WARNING * * *
You hit Terence.
Terence is almost dead.
Terence shouts, "Now you die!" Terence hits you with a +0 short sword.
You die...

#...............†.#
#.#
#################.#
#.#
#..............#.#
#.#
#.############.#.#
#.# ###.#######
#.#.###.#
#..........
#.#.....#
#..........
#.#######
#.......... #.#
)....###### #@#
###### #@# # #.# #
#.# . #.# # #.# #
#$# # #(#


You could see Terence.

Vanquished Creatures
  An adder (D:2)
  2 dart slugs
  2 ball pythons (D:1)
  2 endoplasms
  A giant cockroach (D:1)
  4 goblins
  2 hobgoblins (D:1)
  6 jackals
  3 kobolds
  2 bats
  A frilled lizard (D:1)
  3 rats
29 creatures vanquished.

Notes
Turn   | Place    | Note
-------+----------+-------------------------------------------
     0 | D:1      | dolemite99 the Minotaur Hunter began the quest for the Orb.
     0 | D:1      | Reached XP level 1. HP: 18/18 MP: 0/0
   412 | D:1      | Reached XP level 2. HP: 22/25 MP: 1/1
  1082 | D:2      | Reached XP level 3. HP: 22/31 MP: 2/2
  1812 | D:2      | Noticed Terence
  1836 | D:2      | Slain by Terence

Illustrated notes

Levels and vault maps discovered:
D:1:      lemuel_arrival_lava_pool, layout_basic
D:2:      layout_basic, basic_altar, serial_corexii_hall,
          corexii_hall_statues_t, corexii_hall_statues_l, uniq_terence

Skill      XL: |  1  2  3 |
---------------+----------+-----
Fighting       | 3 |  3.3
Dodging        | 3 |  3.0
Bows           | |  4.9
Stealth        | |  0.7

Action                   || total
-------------------------++-------
Melee: Short sword       ||    61
       Headbutt          ||     9
 Fire: Shortbow          ||    36
Throw: Stone             ||     2
  Use: Potion            ||     1
Armor: Leather armour    ||    17
Dodge: Dodged            ||    51

Table legend: (Time is in decaauts)
 A = Elapsed time spent in this place.
 B = Non-inter-level travel time spent in this place.
 C = Inter-level travel time spent in this place.
 D = Time resting spent in this place.
 E = Time spent auto-exploring this place.
 F = Levels seen in this place.
 G = Mean time per level.
                   A        B        C        D        E       F      G
               +--------+--------+--------+--------+--------+-----+--------+
         Total |   1828 |   1826 |      2 |    481 |   1088 |   2 |  914.0 |
       Dungeon |   1828 |   1826 |      2 |    481 |   1088 |   2 |  914.0 |
               +--------+--------+--------+--------+--------+-----+--------+

Top non-repeatable levels by time:
     D:1: 1064 daAuts
     D:2: 764 daAuts
